 Dungeon Crawl Stone Soup version 0.30.0-20-g3615ddf2f0 (webtiles) character file.

Game seed: 1658576039776043089

68191 qw the Severer (level 15, -1/96 HPs)
             Began as a Gargoyle Fighter on May 29, 2023.
             Was a High Priest of Okawaru.
             Slain by an Executioner (13 damage)
             ... on level 3 of the Abyss.
             The game lasted 00:10:57 (16479 turns).

qw the Severer (Gargoyle Fighter)                  Turns: 16479, Time: 00:10:57

Health: -1/96      AC: 33    Str: 33    XL:     15   Next: 25%
Magic:  22/22      EV: 15    Int:  9    God:    Okawaru [*****.]
Gold:   643        SH: 13    Dex:  9    Spells: 14/14 levels left

rFire   + . .        Y - +3 war axe
rCold   . . .        A - +0 kite shield {rF+}
rNeg    + . .        o - +0 plate armour
rPois   inf          x - +1 hat
rElec   +            p - +0 cloak
rCorr   .            f - +1 pair of gloves
SInv    +            (no boots)
Will    +....        v - amulet of Vitality {RegenMP++ Regen++} Stlth
                     E - ring "Gexzyuh" {Str+6 SInv}
HPRegen 1.96/turn    j - +5 ring of evasion
MPRegen 0.98/turn

%: no passive effects
@: about to teleport, heroic, flying
A: sickness immunity, AC +11, big wings, negative energy resistance 1,
electricity resistance, torment resistance 1, petrification resistance
a: Renounce Religion, Heroism, Finesse, Duel


You were on level 3 of the Abyss.
You worshipped Okawaru.
Okawaru was extremely pleased with you.
You visited 3 branches of the dungeon, and saw 18 of its levels.
You visited the Abyss 1 time.
You also visited: Sewer and Gauntlet.

You collected 1033 gold pieces.
You spent 390 gold pieces at shops.


Innate Abilities, Weirdness & Mutations

You are immune to sickness and miasma.
Your stone body is resilient. (AC +11)
You are immune to poison.
Your large and strong wings let you fly.
You resist negative energy. (rN+)
You are resistant to electric shocks. (rElec)
You are resistant to unholy torment.
You are immune to petrification.


   Skills:
 - Level 12.0(17.0) Fighting
 + Level 15.9(20.9) Axes
 - Level 5.1(10.1) Throwing
 - Level 10.0(15.0) Armour
 - Level 3.0(8.0) Dodging
 - Level 12.0(17.0) Shields
 - Level 10.0 Invocations


You had 14 spell levels left.
You didn't know any spells.
Your spell library was empty.

Inventory:

Hand Weapons
 m - a -1 demon whip of venom
 w - the +7 war axe of Greed {freeze, Fragile rC+++ SInv Stlth+}
   (You found it on level 8 of the Dungeon)

   rC:        It renders you almost immune to cold.
   SInv:      It lets you see invisible.
   Fragile:   It will be destroyed if unequipped.
   Stlth:     It makes you more stealthy.
 Y - a +3 war axe (weapon)
Missiles
 g - 8 boomerangs (quivered)
Armour
 b - a +2 pair of gloves
 f - a +1 pair of gloves (worn)
 o - a +0 plate armour (worn)
 p - a +0 cloak (worn)
 u - +1 acid dragon scales
 x - a +1 hat (worn)
 A - a +0 kite shield of fire resistance (worn)
 D - a +3 scale mail of cold resistance
Jewellery
 c - a ring of protection from cold
 j - a +5 ring of evasion (right hand)
 t - a ring of fire
 v - the amulet of Vitality (around neck) {RegenMP++ Regen++}
   (You found it on level 8 of the Dungeon)

   [amulet of magic regeneration]

   It increases your rate of magic regeneration.
   Regen:     It increases your rate of health regeneration.
 y - the amulet of Zyug Nue {Spirit rN+ rCorr}
   (You found it on level 1 of the Lair of Beasts)

   [amulet of guardian spirit]

   It causes incoming damage to be divided between your reserves of health and
   magic.
   rN:        It protects you from negative energy.
   rCorr:     It protects you from acid and corrosion.
 C - a ring of protection from cold
 E - the ring "Gexzyuh" (left hand) {Str+6 SInv}
   (You found it in a Gauntlet)

   [ring of strength]

   Str:       It affects your strength (+6).
   SInv:      It lets you see invisible.
 G - a ring of protection from fire
Wands
 s - a wand of digging (7)
Scrolls
 a - 7 scrolls of teleportation
 r - 10 scrolls of identify
Potions
 d - 3 potions of might
 e - 9 potions of heal wounds
 h - 3 potions of attraction
 i - 6 potions of curing
 k - 4 potions of lignification
 l - a potion of cancellation
 n - a potion of haste
 q - a potion of resistance
 z - 2 potions of magic
 B - 3 potions of mutation

Dungeon Overview and Level Annotations

Branches:
Dungeon (12/15)            Temple (1/1) D:5            Lair (5/5) D:9
 Shoals (0/4) Lair:2        Snake (0/4) Lair:2        Slime (0/5) Lair:4
  Sewer (visited)         Gauntlet (visited)
    Orc: D:9-12

Altars:
Ashenzari
Cheibriados
Dithmenos
Elyvilon
Fedhas
Gozag
Hepliaklqana
Kikubaaqudgha
Makhleb
Nemelex Xobeh
Okawaru
Qazlal
Ru
Sif Muna
Trog
Uskayaw
Vehumet
Wu Jian
Xom
Yredelemnul
Zin
The Shining One
Jiyva

Shops:
D:7 **


Message History

You block the Executioner's attack. The Executioner barely misses you.
The Executioner closely misses you. The worldbinder barely misses you.
The worldbinder hits you but does no damage.
You hear a chilling moan.
You barely miss the Executioner.
The Executioner is almost dead.
You hit the worldbinder.
The merfolk aquamancer disappears in a puff of smoke!
You block the Executioner's attack. The Executioner misses you.
The Executioner hits you but does no damage.
The Executioner closely misses you. The Executioner barely misses you.
The Executioner misses you.
The worldbinder hits you but does no damage.
The worldbinder closely misses you.
You barely miss the Executioner.
The Executioner is almost dead.
You hit the worldbinder. The Executioner closely misses you.
The Executioner hits you but does no damage.
You block the Executioner's attack. The Executioner hits you!
The Executioner closely misses you. x2
The worldbinder calls forth creatures from the Shoals!
You hit the Executioner but do no damage.
The Executioner is almost dead.
You slash the worldbinder!
You hit the snapping turtle but do no damage.
You block the Executioner's attack.
The Executioner hits you but does no damage. x2
The Executioner hits you! The Executioner misses you.
You block the Executioner's attack.
The worldbinder hits you but does no damage.
You block the worldbinder's attack. The Executioner completely misses you.
The Executioner misses you. The Executioner barely misses you.
16479 ||| READING 8 scrolls of teleportation.
As you read the scroll of teleportation, it crumbles to dust.
You feel strangely unstable.
You feel the power of the Abyss delaying your translocation!
The Executioner completely misses you. The Executioner hits you. x2
The Executioner hits you!
You die...

#.### . ....###
#. #.....##
#..## ....... #
.....##....##..
...............
......~~t..#
#@~..#
.....H1x##.....
#......## ...
#.....t .
....... ......#
...... ......


You could see an Executioner (fast), 2 snapping turtles, a manticore (summoned)
and a worldbinder.

Vanquished Creatures
  Gastronok (D:11)
  A minotaur (Gauntlet)
  Snorg (D:12)
  Fannar (D:10)
  8 hydras
  3 catoblepae
  A boulder beetle (D:12)
  2 two-headed ogres (D:10)
  2 hell hogs (Abyss:3)
  A tengu warrior (D:11)
  2 thrashing horrors (Abyss:3)
  15 death yaks
  A soul eater (Gauntlet)
  Amaemon (D:11)
  Sonja (D:10)
  A fire crab (Lair:5)
  2 skysharks
  A wretched star (Gauntlet)
  Pikel (D:9)
  2 lindwurms (Lair:5)
  4 manticores
  2 cyclopes
  12 elephants
  2 torpor snails
  2 black mambas
  An orange demon (D:11)
  11 cane toads
  Psyche (D:8)
  2 rime drakes (Lair:4)
  Maggie (D:8)
  An ancient zyme (Abyss:3)
  9 komodo dragons
  3 polar bears
  6 trolls
  A snapping turtle (Lair:2)
  14 blink frogs
  2 dream sheep (Lair:5)
  A vampire (D:12)
  A wraith (D:11)
  A ynoxinul (Abyss:3)
  A shadow (D:7)
  52 yaks
  3 starcursed masses (Abyss:3)
  9 wyverns
  2 steam dragons
  A basilisk (Lair:1)
  Grum (D:9)
  3 nagas (Lair:2)
  21 water moccasins
  5 hell hounds (Abyss:3)
  A large abomination (Abyss:3)
  Pargi (Sewer)
  7 orc warriors
  A sky beast (D:8)
  3 black bears
  2 ice beasts
  An ogre (D:5)
  16 wolves
  3 centaurs
  3 phantoms
  4 lemures (D:9)
  4 kobold brigands
  A gnoll sergeant (D:11)
  15 bullfrogs
  4 scorpions
  3 wights (D:7)
  17 killer bees
  4 electric eels
  A howler monkey (D:9)
  A quasit (Abyss:3)
  4 hounds
  3 jellies
  7 orc priests
  Jessica (D:3)
  3 small abominations
  2 iguanas (D:5)
  A sleepcap (D:5)
  15 orc wizards
  4 hell rats (Lair:4)
  4 gnolls
  6 adders
  5 shadow imps
  2 white imps (D:6)
  2 ufetubi
  4 worms
  2 dart slugs
  41 orcs
  7 ball pythons
  15 bats
  10 endoplasms
  2 giant cockroaches
  9 goblins
  9 hobgoblins
  8 jackals
  25 kobolds
  4 quokkas
  5 frilled lizards
  A rat (D:1)
516 creatures vanquished.

Vanquished Creatures (others)
  An orc (D:8)
1 creature vanquished.

Grand Total: 517 creatures vanquished

Notes
Turn   | Place    | Note
-------+----------+-------------------------------------------
     0 | D:1      | qw the Gargoyle Fighter began the quest for the Orb.
     0 | D:1      | Reached XP level 1. HP: 14/14 MP: 1/1
     0 | D:1      | 0 ||| qw: Version: 0.2-a-101-gf424e7f
     0 | D:1      | 0 ||| qw: Game counter: 296
     0 | D:1      | 0 ||| qw: Always use a shield: true
     0 | D:1      | 0 ||| qw: God list: Okawaru
     0 | D:1      | 0 ||| qw: Allow faded altars: false
     0 | D:1      | 0 ||| qw: Do Orc after D:15 true
     0 | D:1      | 0 ||| qw: Do second Lair branch before Depths: true
     0 | D:1      | 0 ||| qw: Lair rune preference: random
     0 | D:1      | 0 ||| qw: Plans: Normal, Zot:1-4, Slime:5, God:TSO, Crypt,
                  | Tomb, Pan, Hells, Abyss, Win
     0 | D:1      | 0 ||| PLANNING D:1-11
     2 | D:1      | You fall into a shaft and drop 1 floor!
    39 | D:2      | Reached skill level 2 in Axes
    40 | D:2      | 40 ||| Stepping ~*~*~tactically~*~*~ (stealth).
    56 | D:2      | Reached XP level 2. HP: 19/19 MP: 2/2
    78 | D:2      | Found a faded altar of an unknown god.
   264 | D:2      | 264 ||| READING scroll labelled TOJAMP BUTAOMO.
   265 | D:2      | 265 ||| READING scroll labelled GAETEE AGECEUGH.
   266 | D:2      | 266 ||| READING scroll labelled ITEOTEMOTT.
   267 | D:2      | 267 ||| READING scroll labelled KIVERGH LIXAEFRATA.
   283 | D:1      | HP: 3/19 [quokka (4)]
   285 | D:1      | Reached skill level 3 in Axes
   287 | D:1      | Reached XP level 3. HP: 4/23 MP: 3/3
   294 | D:1      | HP: 4/23 [frozen (3)]
   311 | D:1      | HP: 5/23 [ball python (1)]
   390 | D:1      | 390 ||| DROPPING +0 club.
   911 | D:1      | 911 ||| Stepping ~*~*~tactically~*~*~ (hiding).
   918 | D:1      | Reached XP level 4. HP: 28/28 MP: 4/4
  1168 | D:1      | 1168 ||| UPGRADING to +0 chain mail.
  1178 | D:1      | 1178 ||| DROPPING +0 scale mail.
  1179 | D:1      | 1179 ||| UPGRADING to ring of protection from cold.
  1180 | D:1      | 1180 ||| UPGRADING to ring of willpower.
  1181 | D:1      | 1181 ||| READING scroll labelled DUCEOSM YXKED.
  1182 | D:1      | 1182 ||| DRINKING 2 glowing brown potions.
  1259 | D:2      | 1259 ||| Stepping ~*~*~tactically~*~*~ (stealth).
  1522 | D:2      | Reached skill level 4 in Axes
  1661 | D:2      | 1661 ||| UPGRADING to +0 pair of gloves.
  1666 | D:2      | 1666 ||| UPGRADING to +5 ring of evasion.
  1668 | D:2      | 1668 ||| UPGRADING to ring of protection from cold.
  1670 | D:2      | 1670 ||| READING scroll labelled YGEODOANKE.
  1821 | D:3      | 1821 ||| Stepping ~*~*~tactically~*~*~ (stealth).
  2128 | D:3      | Noticed a kobold brigand
  2129 | D:3      | 2129 ||| FLEEEEING.
  2140 | D:3      | Noticed a kobold brigand
  2141 | D:3      | 2141 ||| Stepping ~*~*~tactically~*~*~ (hiding).
  2153 | D:3      | Killed a kobold brigand
  2154 | D:3      | Reached skill level 5 in Axes
  2154 | D:3      | Reached XP level 5. HP: 22/32 MP: 5/5
  2159 | D:3      | Killed a kobold brigand
  2160 | D:3      | Reached XP level 6. HP: 28/39 MP: 6/6
  2337 | D:3      | Noticed Jessica
  2344 | D:3      | Killed Jessica
  2359 | D:3      | Found an opulent altar of Gozag.
  2366 | D:3      | Found a hide-covered altar of Uskayaw.
  2372 | D:3      | Found a hazy altar of Hepliaklqana.
  2387 | D:3      | Found an ornate altar of the Wu Jian Council.
  2394 | D:3      | Found a snail-covered altar of Cheibriados.
  2402 | D:3      | Found a basalt altar of Yredelemnul.
  2407 | D:3      | Found a white marble altar of Elyvilon.
  2605 | D:3      | 2605 ||| UPGRADING to +0 plate armour.
  2615 | D:3      | 2615 ||| DROPPING +0 chain mail.
  2616 | D:3      | 2616 ||| UPGRADING to amulet of guardian spirit.
  2621 | D:3      | 2621 ||| READING scroll labelled FOGOAT UTUENNI.
  2622 | D:3      | 2622 ||| DRINKING 2 lumpy ruby potions.
  2652 | D:4      | 2652 ||| PLANNING SEWER
  2813 | D:4      | 2813 ||| Stepping ~*~*~tactically~*~*~ (hiding).
  2814 | D:4      | 2814 ||| Stepping ~*~*~tactically~*~*~ (hiding).
  3020 | D:4      | 3020 ||| Stepping ~*~*~tactically~*~*~ (stealth).
  3056 | D:4      | Found a glowing drain.
  3057 | D:4      | 3057 ||| READING scroll labelled MAXKEY ZUOXE.
  3058 | D:4      | 3058 ||| Stepping randomly (stuck).
  3059 | D:4      | 3059 ||| Stepping randomly (stuck).
  3060 | D:4      | 3060 ||| Stepping randomly (stuck).
  3061 | D:4      | 3061 ||| Stepping randomly (stuck).
  3062 | D:4      | 3062 ||| Stepping randomly (stuck).
  3067 | D:4      | 3067 ||| Stepping ~*~*~tactically~*~*~ (water).
  3075 | Sewer    | Entered a sewer
  3079 | Sewer    | Reached skill level 6 in Axes
  3122 | Sewer    | Noticed Pargi
  3138 | Sewer    | Killed Pargi
  3139 | Sewer    | Reached XP level 7. HP: 39/44 MP: 5/7
  3181 | Sewer    | 3181 ||| DROPPING ring of flight.
  3182 | Sewer    | 3182 ||| DROPPING potion of berserk rage.
  3203 | D:4      | 3203 ||| PLANNING D:1-11
  3686 | D:4      | 3686 ||| READING scroll labelled TEIQEIGUEN.
  3689 | D:4      | 3689 ||| READING 2 scrolls of identify.
  3689 | D:4      | 3689 ||| IDENTIFYING emerald potion
  3690 | D:4      | 3690 ||| DROPPING potion of ambrosia.
  3701 | D:5      | Entered Level 5 of the Dungeon
  3732 | D:5      | 3732 ||| Stepping ~*~*~tactically~*~*~ (stealth).
  3760 | D:5      | Reached skill level 7 in Axes
  3946 | D:5      | Reached XP level 8. HP: 47/48 MP: 8/8
  3951 | D:5      | Found a staircase to the Ecumenical Temple.
  3952 | D:5      | 3952 ||| PLANNING TEMPLE
  3967 | D:5      | Reached skill level 1 in Dodging
  4023 | Temple   | Entered the Ecumenical Temple
  4037 | Temple   | 4037 ||| PLANNING OKAWARU WORSHIP
  4205 | Temple   | Became a worshipper of Warmaster Okawaru
  4205 | Temple   | 4205 ||| PLANNING D:1-11
  4206 | Temple   | 4206 ||| REMOVING amulet of guardian spirit.
  4211 | Temple   | 4211 ||| DROPPING amulet of guardian spirit.
  4269 | D:5      | Reached skill level 1 in Throwing
  4332 | D:5      | 4332 ||| DROPPING +0 whip.
  4734 | D:5      | Reached skill level 8 in Axes
  4828 | D:5      | 4828 ||| READING scroll labelled KATHUWN BAOSE.
  4917 | D:6      | Reached skill level 6 in Fighting
  5013 | D:6      | 5013 ||| Stepping ~*~*~tactically~*~*~ (hiding).
  5023 | D:6      | Reached * piety under Okawaru
  5107 | D:6      | Reached skill level 1 in Invocations
  5113 | D:6      | Reached XP level 9. HP: 39/55 MP: 8/10
  5136 | D:6      | 5136 ||| INVOKING Heroism.
  5227 | D:6      | 5227 ||| Stepping ~*~*~tactically~*~*~ (hiding).
  5228 | D:6      | 5228 ||| Stepping ~*~*~tactically~*~*~ (hiding).
  5229 | D:6      | 5229 ||| Stepping ~*~*~tactically~*~*~ (hiding).
  5230 | D:6      | 5230 ||| Stepping ~*~*~tactically~*~*~ (hiding).
  5231 | D:6      | 5231 ||| Stepping ~*~*~tactically~*~*~ (hiding).
  5232 | D:6      | 5232 ||| Stepping ~*~*~tactically~*~*~ (hiding).
  5298 | D:6      | 5298 ||| Stepping ~*~*~tactically~*~*~ (hiding).
  5304 | D:6      | 5304 ||| INVOKING Heroism.
  5530 | D:6      | 5530 ||| UPGRADING to +0 cloak.
  5535 | D:6      | 5535 ||| READING 2 scrolls of identify.
  5535 | D:6      | 5535 ||| IDENTIFYING coppery potion
  5626 | D:7      | 5626 ||| INVOKING Heroism.
  5632 | D:7      | Reached skill level 3 in Invocations
  5753 | D:7      | Reached skill level 9 in Axes
  5901 | D:7      | 5901 ||| Stepping ~*~*~tactically~*~*~ (stealth).
  5904 | D:7      | 5904 ||| INVOKING Heroism.
  6021 | D:7      | Reached skill level 6 in Armour
  6026 | D:7      | Reached ** piety under Okawaru
  6031 | D:7      | 6031 ||| INVOKING Heroism.
  6223 | D:7      | 6223 ||| Stepping ~*~*~tactically~*~*~ (hiding).
  6224 | D:7      | 6224 ||| INVOKING Heroism.
  6248 | D:7      | 6248 ||| DROPPING +0 flail.
  6259 | D:7      | 6259 ||| INVOKING Heroism.
  6421 | D:7      | Found Usamefi's Specific Store.
  6424 | D:7      | Found Keuch's General Store.
  6433 | D:7      | 6433 ||| BUYING potion of curing (39 gold).
  6433 | D:7      | Bought a potion of curing for 39 gold pieces
  6433 | D:7      | 6433 ||| BUYING ring of fire (325 gold).
  6433 | D:7      | Bought a ring of fire for 325 gold pieces
  6433 | D:7      | 6433 ||| BUYING scroll of identify (26 gold).
  6433 | D:7      | Bought a scroll of identify for 26 gold pieces
  6433 | D:7      | 6433 ||| SHOPLISTING scroll of identify (26 gold, have 17).
  6627 | D:7      | 6627 ||| READING 6 scrolls of identify.
  6627 | D:7      | 6627 ||| IDENTIFYING brown potion
  6628 | D:7      | 6628 ||| READING 5 scrolls of identify.
  6628 | D:7      | 6628 ||| IDENTIFYING murky blue potion
  6629 | D:7      | 6629 ||| DROPPING potion of flight.
  6686 | D:8      | 6686 ||| STAIRDANCE
  6690 | D:7      | 6690 ||| INVOKING Heroism.
  6694 | D:7      | Reached XP level 10. HP: 22/63 MP: 10/13
  6849 | D:8      | Reached skill level 10 in Axes
  6877 | D:8      | 6877 ||| Stepping ~*~*~tactically~*~*~ (stealth).
  6879 | D:8      | 6879 ||| Stepping ~*~*~tactically~*~*~ (stealth).
  6881 | D:8      | 6881 ||| Stepping ~*~*~tactically~*~*~ (hiding).
  6924 | D:8      | 6924 ||| INVOKING Heroism.
  7108 | D:8      | 7108 ||| Stepping ~*~*~tactically~*~*~ (stealth).
  7109 | D:8      | Noticed Maggie
  7112 | D:8      | 7112 ||| Stepping ~*~*~tactically~*~*~ (hiding).
  7117 | D:8      | 7117 ||| INVOKING Heroism.
  7133 | D:8      | Killed Maggie
  7273 | D:8      | Found the amulet of Vitality {RegenMP++ Regen++}
  7496 | D:8      | 7496 ||| Stepping ~*~*~tactically~*~*~ (stealth).
  7500 | D:8      | 7500 ||| Stepping ~*~*~tactically~*~*~ (stealth).
  7507 | D:8      | Identified the +7 war axe of Greed {freeze, Fragile rC+++
                  | SInv Stlth+}
  7558 | D:8      | 7558 ||| INVOKING Heroism.
  7768 | D:8      | 7768 ||| Stepping ~*~*~tactically~*~*~ (hiding).
  7769 | D:8      | 7769 ||| Stepping ~*~*~tactically~*~*~ (hiding).
  7773 | D:8      | 7773 ||| INVOKING Heroism.
  7791 | D:8      | Noticed Psyche
  7792 | D:8      | 7792 ||| INVOKING Heroism.
  7801 | D:8      | Killed Psyche
  7914 | D:8      | 7914 ||| UPGRADING to amulet of Vitality {RegenMP++
                  | Regen++}.
  7919 | D:8      | 7919 ||| READING 6 scrolls of identify.
  7919 | D:8      | 7919 ||| IDENTIFYING lumpy blue potion
  7952 | D:9      | 7952 ||| INVOKING Heroism.
  7965 | D:9      | Reached *** piety under Okawaru
  7966 | D:9      | Reached skill level 11 in Axes
  7970 | D:9      | 7970 ||| Stepping ~*~*~tactically~*~*~ (hiding).
  7977 | D:9      | 7977 ||| INVOKING Heroism.
  7982 | D:9      | 7982 ||| Stepping ~*~*~tactically~*~*~ (stealth).
  7989 | D:9      | Noticed Pikel
  8005 | D:9      | Reached XP level 11. HP: 65/69 MP: 14/14
  8007 | D:9      | Reached skill level 9 in Fighting
  8026 | D:9      | Killed Pikel
  8032 | D:9      | Found a staircase to the Lair.
  8044 | D:9      | 8044 ||| INVOKING Heroism.
  8048 | D:9      | Noticed Grum
  8067 | D:9      | Killed Grum
  8085 | D:9      | 8085 ||| DROPPING +2 flail of holy wrath.
  8095 | D:9      | 8095 ||| READING scroll of enchant weapon.
  8095 | D:9      | 8095 ||| ENCHANTING +1 war axe.
  8131 | D:9      | 8131 ||| INVOKING Heroism.
  8183 | D:9      | 8183 ||| INVOKING Heroism.
  8392 | D:9      | 8392 ||| Stepping ~*~*~tactically~*~*~ (stealth).
  8654 | D:9      | 8654 ||| PLANNING LAIR
  8654 | D:9      | 8654 ||| READING scroll labelled IWEAKIRPHUO.
  8696 | Lair:1   | Entered Level 1 of the Lair of Beasts
  8697 | Lair:1   | 8697 ||| INVOKING Heroism.
  8825 | Lair:1   | Reached **** piety under Okawaru
  8829 | Lair:1   | 8829 ||| Stepping ~*~*~tactically~*~*~ (stealth).
  8972 | Lair:1   | 8972 ||| Stepping ~*~*~tactically~*~*~ (stealth).
  8984 | Lair:1   | Reached skill level 3 in Throwing
  9011 | Lair:1   | Reached skill level 12 in Axes
  9061 | Lair:1   | 9061 ||| INVOKING Heroism.
  9071 | Lair:1   | Reached ***** piety under Okawaru
  9076 | Lair:1   | Identified the amulet of Zyug Nue {Spirit rN+ rCorr}
  9094 | Lair:1   | Reached skill level 6 in Invocations
  9120 | Lair:1   | Found a sacrificial altar of Ru.
  9205 | Lair:1   | 9205 ||| INVOKING Heroism.
  9342 | Lair:1   | 9342 ||| INVOKING Heroism.
  9346 | Lair:1   | Reached skill level 6 in Shields
  9355 | Lair:1   | Received a gift from Okawaru
  9513 | Lair:1   | 9513 ||| READING scroll labelled ZEEFEI UGELYENG.
  9553 | Lair:2   | 9553 ||| INVOKING Heroism.
  9560 | Lair:2   | Reached XP level 12. HP: 76/76 MP: 17/17
  9616 | Lair:2   | 9616 ||| READING scroll of enchant weapon.
  9616 | Lair:2   | 9616 ||| ENCHANTING +2 war axe.
  9639 | Lair:2   | Found a staircase to the Snake Pit.
  9640 | Lair:2   | 9640 ||| Stepping ~*~*~tactically~*~*~ (hiding).
  9654 | Lair:2   | 9654 ||| Stepping ~*~*~tactically~*~*~ (stealth).
  9655 | Lair:2   | 9655 ||| Stepping ~*~*~tactically~*~*~ (hiding).
  9656 | Lair:2   | 9656 ||| Stepping ~*~*~tactically~*~*~ (stealth).
  9657 | Lair:2   | 9657 ||| Stepping ~*~*~tactically~*~*~ (hiding).
  9658 | Lair:2   | 9658 ||| Stepping ~*~*~tactically~*~*~ (hiding).
  9680 | Lair:2   | 9680 ||| INVOKING Heroism.
  9692 | Lair:2   | Reached skill level 9 in Armour
  9789 | Lair:2   | Noticed a skyshark
  9800 | Lair:2   | Killed a skyshark
  9896 | Lair:2   | 9896 ||| Stepping ~*~*~tactically~*~*~ (stealth).
  9929 | Lair:2   | Received a gift from Okawaru
  9963 | Lair:2   | 9963 ||| Stepping ~*~*~tactically~*~*~ (stealth).
  9966 | Lair:2   | 9966 ||| INVOKING Heroism.
 10041 | Lair:2   | Found a staircase to the Shoals.
 10162 | Lair:2   | 10162 ||| Stepping ~*~*~tactically~*~*~ (stealth).
 10164 | Lair:2   | 10164 ||| Stepping ~*~*~tactically~*~*~ (stealth).
 10170 | Lair:2   | Received a gift from Okawaru
 10175 | Lair:2   | 10175 ||| INVOKING Heroism.
 10191 | Lair:2   | Reached skill level 9 in Invocations
 10213 | Lair:2   | 10213 ||| READING scroll of enchant armour.
 10213 | Lair:2   | 10213 ||| ENCHANTING +0 pair of gloves.
 10223 | Lair:2   | 10223 ||| Stepping ~*~*~tactically~*~*~ (stealth).
 10257 | Lair:2   | 10257 ||| Stepping ~*~*~tactically~*~*~ (stealth).
 10258 | Lair:2   | 10258 ||| INVOKING Heroism.
 10280 | Lair:2   | 10280 ||| Stepping ~*~*~tactically~*~*~ (stealth).
 10425 | Lair:2   | 10425 ||| UPGRADING to +0 kite shield of fire resistance.
 10435 | Lair:2   | 10435 ||| DROPPING +0 buckler.
 10436 | Lair:2   | 10436 ||| READING scroll labelled CEIFERCHAARI.
 10437 | Lair:2   | 10437 ||| READING 6 scrolls of identify.
 10437 | Lair:2   | 10437 ||| IDENTIFYING metallic brown potion
 10461 | Lair:3   | 10461 ||| PLANNING GAUNTLET
 10502 | Lair:3   | Found a gate leading to a gauntlet.
 10508 | Lair:3   | Noticed a six-headed hydra
 10509 | Lair:3   | 10509 ||| INVOKING Heroism.
 10510 | Lair:3   | 10510 ||| INVOKING Finesse.
 10516 | Lair:3   | 10516 ||| SWAPPING to +0 morningstar.
 10523 | Lair:3   | Killed a six-headed hydra
 10524 | Lair:3   | 10524 ||| SWAPPING to +3 war axe.
 10534 | Gauntlet | Entered a Gauntlet
 10534 | Gauntlet | Found a transporter.
 10534 | Gauntlet | Found a transporter.
 10556 | Gauntlet | Found a transporter.
 10557 | Gauntlet | Found a transporter.
 10558 | Gauntlet | Noticed a soul eater
 10564 | Gauntlet | Found a transporter.
 10568 | Gauntlet | Found a transporter.
 10577 | Gauntlet | Noticed an entropy weaver
 10579 | Gauntlet | Found a transporter.
 10592 | Gauntlet | Found a transporter.
 10592 | Gauntlet | Noticed a wretched star
 10607 | Gauntlet | Found a transporter.
 10611 | Gauntlet | Found a transporter.
 10619 | Gauntlet | Found a transporter.
 10623 | Gauntlet | Found a transporter.
 10702 | Gauntlet | 10702 ||| INVOKING Heroism.
 10715 | Gauntlet | Killed a soul eater
 10760 | Gauntlet | Killed a wretched star
 10774 | Gauntlet | 10774 ||| DROPPING +6 ring of intelligence.
 10815 | Gauntlet | Noticed a minotaur
 10816 | Gauntlet | 10816 ||| INVOKING Heroism.
 10832 | Gauntlet | Killed a minotaur
 10937 | Gauntlet | Found the ring of Shadows {Umbra +Inv Stlth+}
 10942 | Gauntlet | Identified the ring "Gexzyuh" {Str+6 SInv}
 11008 | Gauntlet | 11008 ||| DROPPING ring of willpower.
 11009 | Gauntlet | 11009 ||| DROPPING ring of ice.
 11010 | Gauntlet | 11010 ||| UPGRADING to ring "Gexzyuh" {Str+6 SInv}.
 11012 | Gauntlet | 11012 ||| UPGRADING to +5 ring of evasion.
 11044 | Lair:3   | 11044 ||| PLANNING LAIR
 11056 | Lair:3   | Noticed an eight-headed hydra
 11057 | Lair:3   | 11057 ||| INVOKING Heroism.
 11062 | Lair:3   | 11062 ||| SWAPPING to +0 morningstar.
 11066 | Lair:3   | Killed an eight-headed hydra
 11067 | Lair:3   | 11067 ||| SWAPPING to +3 war axe.
 11108 | Lair:3   | 11108 ||| INVOKING Heroism.
 11111 | Lair:3   | Reached XP level 13. HP: 73/73 MP: 20/20
 11262 | Lair:3   | Reached skill level 9 in Shields
 11336 | Lair:3   | 11336 ||| INVOKING Heroism.
 11880 | Lair:4   | 11880 ||| INVOKING Heroism.
 11999 | Lair:4   | 11999 ||| INVOKING Heroism.
 12032 | Lair:4   | 12032 ||| INVOKING Heroism.
 12205 | Lair:4   | 12205 ||| Stepping ~*~*~tactically~*~*~ (stealth).
 12241 | Lair:4   | 12241 ||| Stepping ~*~*~tactically~*~*~ (stealth).
 12269 | Lair:4   | Found a staircase to the Slime Pits.
 12270 | Lair:4   | Found a viscous altar of Jiyva.
 12341 | Lair:4   | 12341 ||| Stepping ~*~*~tactically~*~*~ (stealth).
 12342 | Lair:4   | 12342 ||| Stepping ~*~*~tactically~*~*~ (stealth).
 12343 | Lair:4   | 12343 ||| Stepping ~*~*~tactically~*~*~ (stealth).
 12344 | Lair:4   | 12344 ||| Stepping ~*~*~tactically~*~*~ (stealth).
 12347 | Lair:4   | 12347 ||| Stepping ~*~*~tactically~*~*~ (stealth).
 12366 | Lair:4   | Reached skill level 13 in Axes
 12395 | Lair:4   | 12395 ||| INVOKING Heroism.
 12580 | Lair:4   | 12580 ||| DRINKING 2 fizzy purple potions.
 12581 | Lair:4   | 12581 ||| DROPPING potion of degeneration.
 12598 | Lair:5   | Entered Level 5 of the Lair of Beasts
 12612 | Lair:5   | 12612 ||| INVOKING Heroism.
 12622 | Lair:5   | 12622 ||| SWAPPING to +0 morningstar.
 12623 | Lair:5   | 12623 ||| INVOKING Finesse.
 12635 | Lair:5   | 12635 ||| SWAPPING to +3 war axe.
 12669 | Lair:5   | 12669 ||| INVOKING Heroism.
 12704 | Lair:5   | 12704 ||| Stepping ~*~*~tactically~*~*~ (stealth).
 12705 | Lair:5   | 12705 ||| Stepping ~*~*~tactically~*~*~ (stealth).
 12711 | Lair:5   | 12711 ||| INVOKING Heroism.
 12723 | Lair:5   | 12723 ||| SWAPPING to +0 morningstar.
 12729 | Lair:5   | 12729 ||| SWAPPING to +3 war axe.
 12795 | Lair:5   | Reached skill level 14 in Axes
 12836 | Lair:5   | 12836 ||| Stepping ~*~*~tactically~*~*~ (stealth).
 12841 | Lair:5   | 12841 ||| Stepping ~*~*~tactically~*~*~ (stealth).
 12844 | Lair:5   | 12844 ||| INVOKING Heroism.
 12845 | Lair:5   | 12845 ||| INVOKING Finesse.
 12925 | Lair:5   | Gained mutation: Your large and strong wings let you fly.
                  | [Gargoyle growth]
 12925 | Lair:5   | Reached XP level 14. HP: 88/88 MP: 21/21
 12967 | Lair:5   | 12967 ||| INVOKING Heroism.
 12977 | Lair:5   | 12977 ||| SWAPPING to +0 morningstar.
 12988 | Lair:5   | 12988 ||| SWAPPING to +3 war axe.
 13019 | Lair:5   | Received a gift from Okawaru
 13036 | Lair:5   | 13036 ||| Stepping ~*~*~tactically~*~*~ (stealth).
 13037 | Lair:5   | 13037 ||| INVOKING Heroism.
 13038 | Lair:5   | 13038 ||| INVOKING Finesse.
 13055 | Lair:5   | 13055 ||| SWAPPING to +0 morningstar.
 13061 | Lair:5   | 13061 ||| SWAPPING to +3 war axe.
 13070 | Lair:5   | Received a gift from Okawaru
 13071 | Lair:5   | Reached skill level 12 in Shields
 13071 | Lair:5   | 13071 ||| Stepping ~*~*~tactically~*~*~ (hiding).
 13072 | Lair:5   | 13072 ||| Stepping ~*~*~tactically~*~*~ (hiding).
 13092 | Lair:5   | Identified the +6 leather armour "Ratol" {rPois Str+3}
 13096 | Lair:5   | 13096 ||| Stepping ~*~*~tactically~*~*~ (stealth).
 13099 | Lair:5   | 13099 ||| INVOKING Heroism.
 13139 | Lair:5   | 13139 ||| Stepping ~*~*~tactically~*~*~ (hiding).
 13153 | Lair:5   | 13153 ||| INVOKING Finesse.
 13154 | Lair:5   | 13154 ||| INVOKING Heroism.
 13189 | Lair:5   | Identified the +1 chain mail "Seqyjoif" {Contam Fly Str+2}
 13312 | Lair:5   | 13312 ||| INVOKING Heroism.
 13315 | Lair:5   | 13315 ||| Stepping ~*~*~tactically~*~*~ (stealth).
 13334 | Lair:5   | 13334 ||| INVOKING Finesse.
 13335 | Lair:5   | 13335 ||| INVOKING Finesse.
 13623 | Lair:5   | 13623 ||| INVOKING Heroism.
 13624 | Lair:5   | 13624 ||| Stepping ~*~*~tactically~*~*~ (stealth).
 13638 | Lair:5   | 13638 ||| SWAPPING to +0 morningstar.
 13649 | Lair:5   | Reached skill level 15 in Axes
 13649 | Lair:5   | 13649 ||| INVOKING Finesse.
 13662 | Lair:5   | 13662 ||| SWAPPING to +3 war axe.
 13869 | Lair:5   | 13869 ||| PLANNING D:1-11
 13869 | Lair:5   | 13869 ||| DROPPING +1 chain mail "Seqyjoif" {Contam Fly
                  | Str+2}.
 13870 | Lair:5   | 13870 ||| READING scroll labelled WAVIYQ DIHYRR.
 14008 | D:10     | Entered Level 10 of the Dungeon
 14085 | D:10     | 14085 ||| Stepping ~*~*~tactically~*~*~ (hiding).
 14109 | D:10     | 14109 ||| Stepping ~*~*~tactically~*~*~ (hiding).
 14110 | D:10     | 14110 ||| Stepping ~*~*~tactically~*~*~ (hiding).
 14113 | D:10     | Noticed Sonja
 14118 | D:10     | Killed Sonja
 14119 | D:10     | Noticed Fannar
 14121 | D:10     | 14121 ||| Stepping ~*~*~tactically~*~*~ (hiding).
 14139 | D:10     | Killed Fannar
 14223 | D:10     | Found a shimmering blue altar of Sif Muna.
 14229 | D:10     | Found an ancient bone altar of Kikubaaqudgha.
 14241 | D:10     | Found a radiant altar of Vehumet.
 14288 | D:10     | Found a flagged portal.
 15007 | D:11     | 15007 ||| Stepping ~*~*~tactically~*~*~ (hiding).
 15429 | D:11     | Noticed Amaemon
 15430 | D:11     | 15430 ||| Stepping ~*~*~tactically~*~*~ (hiding).
 15451 | D:11     | Killed Amaemon
 15451 | D:11     | Received a gift from Okawaru
 15452 | D:11     | Reached skill level 12 in Fighting
 15462 | D:11     | 15462 ||| DROPPING +0 morningstar.
 15552 | D:11     | Noticed Gastronok
 15553 | D:11     | 15553 ||| Stepping ~*~*~tactically~*~*~ (hiding).
 15573 | D:11     | Killed Gastronok
 15574 | D:11     | Reached skill level 3 in Dodging
 15856 | D:11     | 15856 ||| INVOKING Heroism.
 15860 | D:11     | Reached XP level 15. HP: 68/96 MP: 22/22
 15974 | D:11     | 15974 ||| PLANNING D
 15974 | D:11     | 15974 ||| UPGRADING to +1 hat.
 15979 | D:11     | 15979 ||| DROPPING ring of fire.
 15980 | D:11     | 15980 ||| READING 10 scrolls of identify.
 15980 | D:11     | 15980 ||| IDENTIFYING metallic dark potion
 15981 | D:11     | 15981 ||| DROPPING potion of brilliance.
 16030 | D:12     | Noticed Snorg
 16038 | D:12     | 16038 ||| INVOKING Heroism.
 16047 | D:12     | Killed Snorg
 16127 | D:12     | 16127 ||| FLEEEEING.
 16128 | D:12     | 16128 ||| Stepping ~*~*~tactically~*~*~ (hiding).
 16132 | D:12     | 16132 ||| Stepping ~*~*~tactically~*~*~ (hiding).
 16267 | Abyss:3  | Found a corrupted altar of Lugonu.
 16267 | Abyss:3  | Found a corrupted altar of Lugonu.
 16267 | Abyss:3  | Found a corrupted altar of Lugonu.
 16267 | Abyss:3  | Cast into level 3 of the Abyss (a wizard)
 16293 | Abyss:3  | Found a corrupted altar of Lugonu.
 16328 | Abyss:3  | 16328 ||| Stepping ~*~*~tactically~*~*~ (stealth).
 16330 | Abyss:3  | 16330 ||| Stepping ~*~*~tactically~*~*~ (stealth).
 16365 | Abyss:3  | Found a corrupted altar of Lugonu.
 16381 | Abyss:3  | 16381 ||| Stepping ~*~*~tactically~*~*~ (stealth).
 16383 | Abyss:3  | 16383 ||| Stepping ~*~*~tactically~*~*~ (stealth).
 16385 | Abyss:3  | 16385 ||| Stepping ~*~*~tactically~*~*~ (hiding).
 16391 | Abyss:3  | 16391 ||| Stepping ~*~*~tactically~*~*~ (stealth).
 16407 | Abyss:3  | 16407 ||| Stepping ~*~*~tactically~*~*~ (stealth).
 16444 | Abyss:3  | Received a gift from Okawaru
 16453 | Abyss:3  | 16453 ||| INVOKING Heroism.
 16459 | Abyss:3  | Noticed an Executioner
 16478 | Abyss:3  | HP: 19/96 [Executioner (8)]
 16479 | Abyss:3  | 16479 ||| READING 8 scrolls of teleportation.
 16479 | Abyss:3  | Slain by an Executioner

Levels and vault maps discovered:
D:1:      dpeg_arrival_rooms_a, layout_rooms, roderic_lattice_a
D:2:      layout_loops_ring, hellmonk_ecumenical_altar_blasted
D:3:      cheibrodos_thug_alley, layout_loops_ring,
          grunt_temple_overflow_octagram, uniq_jessica
D:4:      layout_basic, cheibrodos_sewer_entry_bend
D:5:      layout_loops_ring, minmay_temple_entry_large_hall
D:6:      layout_cave_pools
D:7:      layout_cave_pods, nicolae_specific_store
D:8:      layout_loops_cross, hellmonk_guarded_unrand_vitality_bloodlust,
          uniq_psyche, uniq_maggie
D:9:      layout_loops_cross, due_lair_maze_entry_diamond, uniq_grum, uniq_pikel
D:10:     layout_basic, palyth_temple_overflow_mages, enter_bailey_6,
          uniq_sonja, uniq_fannar
D:11:     layout_stronghold, lightli_fourway_metalbox, uniq_gastronok,
          uniq_amaemon
D:12:     layout_rooms, david_orc_5, chequers_mini_garden, minmay_librarian,
          uniq_rupert, uniq_snorg
Temple:   nicolae_temple_bog_church
Lair:1:   layout_regular_city, basic_altar
Lair:2:   layout_loops_ring, minmay_shoals_entry_hut,
          guppyfry_snake_entry_garden, lemuel_fruit_fields
Lair:3:   layout_regular_city, gauntlet_entry_generic, st_stairs_11
Lair:4:   layout_misc_corridors, nicolae_slime_entry_slimehenge,
          lemuel_fruit_tree, infiniplex_staircase_pool_2, grunt_megastairs_3
Lair:5:   wormcave, layout_regular_city, hangedman_lair_in_review,
          nicolae_lair_yak_garden
Abyss:3:  base: D:6, bh_silent_lugonu_exit

Skill      XL: |  1  2  3  4  5  6  7  8  9 10 11 12 13 14 |
---------------+-------------------------------------------+-----
Axes           | 2 3 5 6 7 8 9 11 12 14 15 | 15.9
Fighting       | 4 6 7 8 9 10 12 | 12.0
Armour         | 4 5 6 7 8 9 10 | 10.0
Dodging        | 1 2 3 |  3.0
Throwing       | 1 3 4 5 |  5.1
Invocations    | 1 4 7 10 | 10.0
Shields        | 4 5 6 8 11 12 | 12.0

Action                     |  1- 3 |  4- 6 |  7- 9 | 10-12 | 13-15 || total
---------------------------+-------+-------+-------+-------+-------++-------
  Melee: War axe           |   115 |   189 |   329 |   621 |   832 ||  2086
         Morningstar       |       |       |       |    11 |    53 ||    64
  Throw: Boomerang         |       |       |    43 |    59 |   108 ||   210
         Javelin           |       |       |       |    23 |    35 ||    58
 Invoke: Heroism           |       |       |     8 |    24 |    18 ||    50
         Finesse           |       |       |       |     1 |     6 ||     7
    Use: Scroll            |     4 |     4 |     6 |     8 |     3 ||    25
         Potion            |       |     2 |       |       |     1 ||     3
 Armour: Scale mail        |    65 |       |       |       |       ||    65
         Chain mail        |       |    59 |       |       |       ||    59
         Plate armour      |       |    70 |   278 |   320 |   485 ||  1153
  Dodge: Dodged            |    61 |   128 |   180 |   373 |   434 ||  1176
  Block: Buckler           |    27 |    42 |    89 |   122 |       ||   280
         Kite shield       |       |       |       |    32 |   499 ||   531

Table legend:
 A = Non-vault XP
 B = Vault XP
 C = Vault XP percentage of total XP
 D = Non-vault monster count
 E = Vault monster count
 F = Vault count percentage of total count
                 A         B        C        D         E       F
            +---------+---------+-------+---------+---------+-------
      Total |   68800 |   28617 |  29.4 |     389 |     123 |  24.0
            +---------+---------+-------+---------+---------+-------
        D:1 |      62 |       0 |   0.0 |      28 |       0 |   0.0
        D:2 |      37 |       0 |   0.0 |      19 |       0 |   0.0
        D:3 |      30 |     243 |  89.0 |      14 |      10 |  41.7
        D:4 |     230 |      15 |   6.1 |      16 |       3 |  15.8
        D:5 |    1032 |       0 |   0.0 |      16 |       0 |   0.0
        D:6 |     937 |       0 |   0.0 |      23 |       0 |   0.0
        D:7 |    2124 |       0 |   0.0 |      30 |       0 |   0.0
        D:8 |    2390 |     759 |  24.1 |      22 |       2 |   8.3
        D:9 |    1640 |    2640 |  61.7 |      16 |      15 |  48.4
       D:10 |    3032 |    1897 |  38.5 |      21 |       9 |  30.0
       D:11 |    1662 |    4400 |  72.6 |      12 |       7 |  36.8
       D:12 |    1847 |    1593 |  46.3 |       4 |      22 |  84.6
     Lair:1 |    6051 |       0 |   0.0 |      23 |       0 |   0.0
     Lair:2 |    7692 |     745 |   8.8 |      31 |       4 |  11.4
     Lair:3 |    4963 |     279 |   5.3 |      21 |       1 |   4.5
     Lair:4 |    8775 |     844 |   8.8 |      29 |       8 |  21.6
     Lair:5 |   20388 |   12434 |  37.9 |      46 |      26 |  36.1
    Abyss:3 |    5908 |       0 |   0.0 |      18 |       0 |   0.0
      Sewer |       0 |     147 | 100.0 |       0 |       8 | 100.0
   Gauntlet |       0 |    2621 | 100.0 |       0 |       8 | 100.0
            +---------+---------+-------+---------+---------+-------
